 Dungeon Crawl Stone Soup version 0.30-a0-630-g881e3bac89 (webtiles) character file.

Game seed: 10614808985041916111

259 M4edhros the Charlatan (level 6, 0/94 HPs)
             Began as an Octopode Artificer on Jan 13, 2023.
             Slain by a gnoll
             ... wielding a +0 flail
             ... led by a gnoll bouda
              (2 damage)
             ... on level 6 of the Dungeon.
             The game lasted 00:01:48 (886 turns).

M4edhros the Charlatan (Octopode Artificer)          Turns: 886, Time: 00:01:49

Health: 0/94       AC: 23    Str:  9    XL:     6   Next: 17%
Magic:  6/6        EV:  2    Int: 14    God:
Gold:   124        SH:  0    Dex: 14    Spells: 5/5 levels left

rFire   . . .      SeeInvis .    a - +0 club
rCold   . . .      Faith    .    (no shield)
rNeg    . . .      Spirit   .    (helmet currently unavailable)
rPois   +          Reflect  .    (no amulet)
rElec   .          Harm     .    (no ring)
rCorr   .          Rampage  .    (no ring)
Will    .....      NoTele   +    (no ring) Stlth
                                 (no ring)
HPRegen 0.35/turn                (no ring)
MPRegen 0.10/turn                (no ring)
                                 (no ring)
                                 (no ring)

@: berserking (expiring), tree-form, weakened, very quick
A: stationary, stasis, torment immunity, boosted hp, almost no armour,
(amphibious), 8 rings, (camouflage 1), (gelatinous body 1), (nimble swimmer 1),
(tentacles), (antennae 1), weak 1
a: no special abilities


You were on level 6 of the Dungeon.
You were a tree.
You visited 1 branch of the dungeon, and saw 6 of its levels.

You collected 124 gold pieces.

Inventory:

Hand Weapons
 a - a +0 club (weapon)
Wands
 b - a wand of flame (8) (quivered)
 c - a wand of charming (12)
 d - a wand of iceblast (3)
 p - a wand of polymorph (9)
Scrolls
 e - 2 scrolls of fear {unknown}
 h - 3 scrolls of fog {unknown}
 j - a scroll of poison {unknown}
 k - a scroll of amnesia {unknown}
 l - a scroll of butterflies {unknown}
 q - a scroll of noise {unknown}
 r - a scroll of identify {unknown}
Potions
 m - a potion of attraction {unknown}
 n - a potion of flight {unknown}
 o - 2 potions of brilliance {unknown}


   Skills:
 + Level 3.0 Fighting
 + Level 3.7 Dodging
 + Level 4.3 Stealth
 + Level 4.6 Evocations


You had 5 spell levels left.
You didn't know any spells.
Your spell library contained the following spells:

 Spells                   Type           Power      Damage    Failure   Level
 Ensorcelled Hibernation  Hex/Ice        0%         N/A       41%         2
 Spider Form              Tmut/Pois      0%         N/A       65%         3
 Anguish                  Hex/Necr       0%         N/A       96%         4


Dungeon Overview and Level Annotations

Branches:
Dungeon (6/15)
 Temple: D:4-7

Altars:


Innate Abilities, Weirdness & Mutations

You are a tree.
Your roots penetrate the ground, keeping you stationary.
You cannot be teleported.
You are immune to unholy pain and torment.
Your maximum health is greatly increased.
You cannot wear most types of armour.
((You are amphibious.))
You can wear up to eight rings at the same time.
((Your skin changes colour to match your surroundings (Stealth+).))
((Your rubbery body absorbs attacks. (AC +1, EV +1)))
((You are camouflaged when in or above water. (Stealth+)))
((You have tentacles for arms and can constrict up to eight enemies at once.))
((You have a pair of small antennae on your head.))
You are weak. (Str -2)


Message History

The gnoll hits you with a +0 club.
* * * LOW HITPOINT WARNING * * *
You have reached level 6!
Okay, then.
Okay, then.
Okay, then.
You don't know any spells.
It was a potion of lignification.
You turn into a tree.
Your roots penetrate the ground.
The gnoll hits you but does no damage. The gnoll hits you with a +0 flail.
* * * LOW HITPOINT WARNING * * *
It was a potion of mutation.
You feel extremely strange.
You feel weaker. A pair of antennae grows on your head!
The gnoll hits you but does no damage. The gnoll hits you with a +0 flail!
* * * LOW HITPOINT WARNING * * *
It was a potion of berserk rage.
A red film seems to cover your vision as you go berserk!
You feel yourself moving faster!
You feel mighty!
The gnoll hits you but does no damage. x3
The gnoll bouda gazes fiercely through you!
You feel your attacks grow feeble.
The gnoll bouda hits you but does no damage.
You hit the gnoll bouda.
You kill the gnoll bouda!
The gnoll hits you but does no damage. x2; The gnoll barely misses you.
A phantom comes into view.
Your Fighting skill increases to level 3!
You barely miss the gnoll.
The gnoll hits you but does no damage. x2
The gnoll hits you with a +0 flail.
* * * LOW HITPOINT WARNING * * *
The gnoll hits you but does no damage.
You hit the gnoll.
The gnoll is almost dead.
The gnoll completely misses you. The gnoll hits you but does no damage.
The gnoll hits you with a +0 flail.
* * * LOW HITPOINT WARNING * * *
You thump the gnoll!
You kill the gnoll!
The gnoll hits you but does no damage. x2; The gnoll hits you with a +0 flail.
You die...

≈.## #........
+#...###........
.......#........
.?.....#........
#.....#.....#
#.......)...#
#...........#
.#.....g)..#)...
.......♣g..+ .
........g..#
..>..........#
...........#.#
...........#...
............ ...
...........!. ##
..##..........


You could see 3 gnolls.

Vanquished Creatures
  A scorpion (D:5)
  An orc priest (D:4)
  A gnoll bouda (D:6)
  A hound (D:4)
  2 iguanas (D:5)
  An orc wizard (D:4)
  An adder (D:5)
  2 gnolls (D:6)
  A worm (D:4)
  A dart slug (D:5)
  3 orcs
  2 endoplasms (D:4)
  3 quokkas
  2 ball pythons
  A bat (D:1)
  A frilled lizard (D:2)
  2 kobolds
26 creatures vanquished.

Vanquished Creatures (collateral kills)
  An orc (D:5)
1 creature vanquished.

Vanquished Creatures (others)
  A shadow imp (D:5)
  A fungus (D:4)
2 creatures vanquished.

Grand Total: 29 creatures vanquished

Notes
Turn   | Place    | Note
-------+----------+-------------------------------------------
     0 | D:1      | M4edhros the Octopode Artificer began the quest for the
                  | Orb.
     0 | D:1      | Reached XP level 1. HP: 13/13 MP: 1/1
   194 | D:3      | Reached XP level 2. HP: 13/18 MP: 2/2
   238 | D:4      | Reached XP level 3. HP: 21/24 MP: 3/3
   238 | D:4      | Reached XP level 4. HP: 26/29 MP: 4/4
   397 | D:5      | Entered Level 5 of the Dungeon
   410 | D:5      | Noticed a scorpion
   418 | D:5      | Killed a scorpion
   419 | D:5      | Reached XP level 5. HP: 14/35 MP: 5/5
   880 | D:6      | Reached XP level 6. HP: 12/41 MP: 6/6
   881 | D:6      | Gained mutation: You are weak. (Str -2) [potion of
                  | mutation]
   881 | D:6      | Gained mutation: You have a pair of small antennae on your
                  | head. [potion of mutation]
   885 | D:6      | HP: 2/94 [gnoll/+0 flail[a gnoll bouda] (6)]
   886 | D:6      | Slain by a gnoll

Illustrated notes

Levels and vault maps discovered:
D:1:      erik_arrival_orb_chamber, layout_rooms,
          hellmonk_ecumenical_altar_dog_temple
D:2:      layout_rooms
D:3:      layout_loops_ring, lemuel_tele_altar, grunt_gozag_statues, hex_tiny
D:4:      layout_basic, uniq_grinder, uniq_crazy_yiuf_cottage
D:5:      layout_rooms, mainiacjoe_overflow_catwalk, old_standard_altar
D:6:      layout_basic, serial_shops, nicolae_shop_hallway_plus,
          minmay_misc_feat_nine_boxes

Skill      XL: |  1  2  3  4  5  6 |
---------------+-------------------+-----
Fighting       | 2 3 |  3.0
Dodging        | 3 |  3.7
Stealth        | 2 3 4 |  4.3
Evocations     | 4 |  4.6

Action                   |  1- 3 |  4- 6 || total
-------------------------+-------+-------++-------
Melee: Club              |    16 |    41 ||    57
       Constrict         |     4 |     9 ||    13
       Tentacles         |     2 |     6 ||     8
Evoke: Wand              |     1 |    11 ||    12
  Use: Potion            |       |     3 ||     3
 Stab: Sleeping          |     1 |     2 ||     3
       Distracted        |       |     1 ||     1
Armor: Skin              |     1 |    15 ||    16
Dodge: Dodged            |    15 |    37 ||    52

Table legend: (Time is in decaauts)
 A = Elapsed time spent in this place.
 B = Non-inter-level travel time spent in this place.
 C = Inter-level travel time spent in this place.
 D = Time resting spent in this place.
 E = Time spent auto-exploring this place.
 F = Levels seen in this place.
 G = Mean time per level.
                   A        B        C        D        E       F      G
               +--------+--------+--------+--------+--------+-----+--------+
         Total |    900 |    880 |     20 |      8 |    599 |   6 |  150.0 |
       Dungeon |    900 |    880 |     20 |      8 |    599 |   6 |  150.0 |
               +--------+--------+--------+--------+--------+-----+--------+

Top non-repeatable levels by time:
     D:5: 481 daAuts
     D:4: 170 daAuts
     D:2: 143 daAuts
     D:3: 57 daAuts
     D:1: 35 daAuts
     D:6: 12 daAuts
